 Dungeon Crawl Stone Soup version 0.31.0-12-g77e489cdc1 (webtiles) character file.

Game seed: 510980055871262169

16 Couri the Caller (level 2, -1/15 HPs)
             Began as a Deep Elf Summoner on Feb 14, 2024.
             Slain by Natasha (2 damage)
             ... on level 2 of the Dungeon on Feb 18, 2024.
             The game lasted 00:02:29 (1477 turns).

Couri the Caller (Deep Elf Summoner)                Turns: 1477, Time: 00:02:30

Health: -1/15      AC:  2    Str:  5    XL:     2   Next: 41%
Magic:  6/8        EV: 12    Int: 19    God:
Gold:   62         SH:  0    Dex: 15    Spells: 4/7 levels left

rFire   . . .        f - +0 short sword
rCold   . . .        (no shield)
rNeg    . . .        a - +0 robe
rPois   .            (no helmet)
rElec   .            (no cloak)
rCorr   .            (no gloves)
SInv    .            (no boots)
Will    .....        (no amulet)
Stlth   ++           (no ring)
HPRegen 0.22/turn    (no ring)
MPRegen 0.11/turn

%: no passive effects
@: no status effects
A: no striking features
a: no special abilities


You were on level 2 of the Dungeon.
You visited 1 branch of the dungeon, and saw 2 of its levels.

You collected 62 gold pieces.

Inventory:

Hand Weapons
 f - a +0 short sword (weapon)
Armour
 a - a +0 robe (worn)
Scrolls
 c - 2 scrolls of enchant weapon {unknown}
 d - 2 scrolls of identify {unknown}
 e - a scroll of vulnerability {unknown}
Potions
 b - a potion of magic


   Skills:
 - Level 2.4 Dodging
 - Level 2.5 Stealth
 + Level 3.4 Spellcasting
 * Level 4.8 Summonings


You had 4 spell levels left.
You knew the following spells:

 Your Spells              Type           Power      Damage    Failure   Level
a - Summon Small Mammal   Summ           84%        N/A       1%          1
b - Call Imp              Summ           42%        N/A       3%          2

Your spell library contained the following spells:

 Spells                   Type           Power      Damage    Failure   Level
 Call Canine Familiar     Summ           21%        N/A       6%          3
 Summon Blazeheart Golem  Fire/Summ      12%        N/A       47%         4
 Summon Lightning Spire   Summ/Air       12%        N/A       47%         4


Dungeon Overview and Level Annotations

Branches:
Dungeon (2/15)

Altars:

Annotations:
D:2 Natasha


Message History

A tiny devil pulls itself out of the air.
Your bat closely misses Natasha.
Natasha barely misses your bat.
Your bat misses Natasha. Natasha claws your bat.
Your bat misses Natasha.
Found a robe.
Your bat closely misses Natasha.
Your bat barely misses Natasha.
Your cerulean imp completely misses Natasha.
Your bat closely misses Natasha.
Your bat barely misses Natasha.
Your cerulean imp barely misses Natasha.
Your bat hits Natasha but does no damage.
Natasha claws you but does no damage.
Your cerulean imp hits Natasha from afar with a -2 spear.
Your bat hits Natasha but does no damage.
Natasha closely misses you.
Your cerulean imp hits Natasha from afar with a -2 spear.
You closely miss Natasha.
Natasha is lightly wounded.
Your bat barely misses Natasha.
Your bat closely misses Natasha.
Natasha claws you!
Ouch! That really hurt!
Your cerulean imp barely misses Natasha.
Your bat hits Natasha but does no damage.
Your bat hits Natasha but does no damage.
Your bat closely misses Natasha. x2
Natasha wildly gestures.
Natasha's front paws start to glow.
Your bat disappears in a puff of smoke!
Natasha claws you.
* * * LOW HITPOINT WARNING * * *
Your bat hits Natasha but does no damage.
Natasha mumbles some strange words.
Natasha shimmers violently.
Natasha attacks as she pursues you! Natasha claws you.
* * * LOW HITPOINT WARNING * * *
Your cerulean imp completely misses Natasha.
Your bat barely misses Natasha.
Your bat closely misses Natasha.
Natasha stares at you and mumbles some strange words.
You resist with significant effort. Natasha attacks as she pursues you!
Natasha claws you.
You die...
Natasha curls up and begins to purr.

♣....... #..
....... #.# #....#
#.# #
#.<..###.###.#.#
~..##...5.......[.#
#.........5....#
######.###.#####
#.###.# #..@h.#
#.##### #####†#
###...#.########
#.#
#...#.#.........
#.#
#..#≈.#.########
#.# #..≈≈.#.#
##.#######.≈...#
.#.##≈≈≈##...###


You could see Natasha.

Vanquished Creatures (collateral kills)
  A dart slug (D:1)
  A giant cockroach (D:1)
  4 hobgoblins (D:1)
  A quokka (D:1)
  2 bats (D:1)
  A frilled lizard (D:1)
  A goblin (D:1)
  3 kobolds
  A rat (D:2)
15 creatures vanquished.

Notes
Turn   | Place    | Note
-------+----------+-------------------------------------------
     0 | D:1      | Couri the Deep Elf Summoner began the quest for the Orb.
     0 | D:1      | Reached XP level 1. HP: 10/10 MP: 6/6
   254 | D:1      | Found a faded altar of an unknown god.
   479 | D:1      | Reached XP level 2. HP: 15/15 MP: 5/8
  1443 | D:2      | Learned a level 2 spell: Call Imp
  1456 | D:2      | Noticed Natasha
  1477 | D:2      | Slain by Natasha

Illustrated notes

Levels and vault maps discovered:
D:1:      wheals_arrival_linesprint, layout_basic,
          chequers_ecumenical_altar_island
D:2:      layout_loops_ring, serial_bayou_pond_e,
          chequers_serial_rivers_small_b, minmay_rat_hole, uniq_natasha,
          uniq_robin

Action                     || total
---------------------------++-------
  Melee: Unarmed           ||     8
         Short sword       ||     1
   Cast: Summon Small Mamm ||    35
         Call Imp          ||     1
 Armour: Robe              ||    15
  Dodge: Dodged            ||    19
